[Event "ICC tourney 2606 (40 5)"]
[Site "Internet Chess Club"]
[Date "2021.06.13"]
[Round "4"]
[White "OBEROI, SHELEV:K12-14961028"]
[Black "KUMARAPPAN, GANESH:K12-14920281"]
[Result "1-0"]
[ICCResult "Black resigns"]
[WhiteElo "2285"]
[BlackElo "2001"]
[Opening "Sicilian: Alapin's variation (2.c3)"]
[ECO "B22"]
[NIC "SI.46"]
[Time "11:00:17"]
[PlyCount "153"]
[TimeControl "2400+5"]

1. e4 c5 2. c3 d5 3. exd5 Qxd5 4. Nf3 Nf6 5. d4 e6 6. Na3 a6 7. Nc4 Nbd7 8.
Be2 b5 9. Nfd2 Rb8 10. Bf3 Qf5 11. Na5 cxd4 12. cxd4 Bd6 13. Qe2 O-O 14.
O-O e5 15. Ne4 Nxe4 16. Bxe4 Qf6 17. Nc6 Rb6 18. d5 Nc5 19. f3 Bd7 20. Be3
Bxc6 21. dxc6 Rbb8 22. Qc2 Nxe4 23. Qxe4 Rfd8 24. Rac1 Bc7 25. h4 Rd6 26.
f4 Qxh4 27. Qf5 exf4 28. Qxf4 Qh5 29. Rc5 Qg6 30. Rg5 Qe6 31. Re5 Qg6 32.
Re7 Rc8 33. Qxf7+ Qxf7 34. Rfxf7 Rg6 35. Bd4 Bd6 36. Rxg7+ Rxg7 37. Rxg7+
Kf8 38. Rxh7 Rxc6 39. Rh6 Rc1+ 40. Kf2 Bc5 41. Bxc5+ Rxc5 42. Re6 Kf7 43.
Re2 Kf6 44. Kf3 a5 45. g4 Kg5 46. Re8 Rc2 47. Re5+ Kf6 48. Rxb5 a4 49. a3
Rd2 50. Ke4 Rg2 51. Kf3 Rd2 52. Rb4 Rd3+ 53. Kf4 Rd2 54. Rb6+ Kf7 55. Kf5
Rd5+ 56. Ke4 Rd2 57. Ke3 Rg2 58. Rb4 Ke6 59. Kd3 Kd5 60. Kc3 Rg3+ 61. Kc2
Rg2+ 62. Kb1 Kc5 63. Ka2 Rg3 64. Rxa4 Kb5 65. Rb4+ Kc5 66. Rf4 Kb5 67. Kb1
Kc5 68. Rf5+ Kd4 69. Rg5 Ke4 70. Rg8 Kd3 71. g5 Kc4 72. Ka2 Rg2 73. g6 Kb5
74. g7 Rg3 75. Rb8+ Ka4 76. Ra8+ Kb5 77. g8=Q { Black resigns } 1-0

[Event "ICC tourney 2606 (40 5)"]
[Site "Internet Chess Club"]
[Date "2021.06.13"]
[Round "5"]
[White "WHITE, GABRIEL:K12-14675560"]
[Black "DHAR, SUMIT:K12-15188271"]
[Result "1-0"]
[ICCResult "Black resigns"]
[WhiteElo "1889"]
[BlackElo "2181"]
[Opening "Sicilian: dragon, classical, Amsterdam variation"]
[ECO "B72"]
[NIC "SI.25"]
[Time "14:00:24"]
[PlyCount "41"]
[TimeControl "2400+5"]

1. e4 c5 2. Nf3 d6 3. d4 cxd4 4. Nxd4 Nf6 5. Nc3 Nc6 6. Be2 g6 7. Be3 Bg7
8. Qd2 O-O 9. h4 d5 10. Nxc6 bxc6 11. O-O-O Qc7 12. exd5 Nxd5 13. Bd4 e5
14. Bc5 Rd8 15. h5 Be6 16. hxg6 hxg6 17. Ne4 Nf6 18. Nxf6+ Bxf6 19. Qh6
Rxd1+ 20. Bxd1 Bg5+ 21. Qxg5 { Black resigns } 1-0

[Event "ICC tourney 2606 (40 5)"]
[Site "Internet Chess Club"]
[Date "2021.06.13"]
[Round "5"]
[White "GUO, ARTHUR:K12-14772092"]
[Black "GRABINSKY, JOSHUA:K12-14729181"]
[Result "1-0"]
[ICCResult "Black resigns"]
[WhiteElo "2447"]
[BlackElo "2315"]
[Opening "French: Tarrasch"]
[ECO "C03"]
[NIC "FR.14"]
[Time "14:00:25"]
[PlyCount "47"]
[TimeControl "2400+5"]

1. e4 e6 2. d4 d5 3. Nd2 a6 4. Ngf3 Nf6 5. e5 Nfd7 6. Bd3 c5 7. c3 Nc6 8.
O-O g5 9. Nb3 h6 10. Nxc5 Nxc5 11. dxc5 Bxc5 12. Re1 Qc7 13. b4 Ba7 14. h3
Bd7 15. a4 Ne7 16. Bd2 Rc8 17. Rc1 Bc6 18. Nh2 Qd8 19. Qh5 d4 20. c4 Ng8
21. b5 Bd7 22. Nf3 Bc5 23. Nxg5 Qe7 24. Nxf7 { Black resigns } 1-0

[Event "ICC tourney 2606 (40 5)"]
[Site "Internet Chess Club"]
[Date "2021.06.13"]
[Round "5"]
[White "OSKIPER, CONSTANTINE:K12-14338863"]
[Black "WANG, JUSTIN:K12-14930904"]
[Result "1/2-1/2"]
[ICCResult "Game drawn by repetition"]
[WhiteElo "1909"]
[BlackElo "2540"]
[Opening "Queen's pawn game"]
[ECO "E10"]
[NIC "QI.01"]
[Time "14:00:24"]
[PlyCount "68"]
[TimeControl "2400+5"]

1. d4 Nf6 2. c4 e6 3. Nf3 d5 4. g3 Bb4+ 5. Nc3 O-O 6. Bg2 Nc6 7. Ne5 dxc4
8. Nxc6 bxc6 9. Qa4 Nd5 10. a3 Bxc3+ 11. bxc3 Nxc3 12. Qxc4 Nb5 13. e3 Nd6
14. Qa4 a5 15. O-O Ba6 16. Rd1 Bb5 17. Qc2 a4 18. Bxc6 Bxc6 19. Qxc6 Qc8
20. e4 Ra6 21. Qc2 Qb7 22. d5 exd5 23. exd5 Ra5 24. Rb1 Qa8 25. Qxc7 Rxd5
26. Rxd5 Qxd5 27. Be3 Nc4 28. Bc5 Nd2 29. Rb8 Nf3+ 30. Kg2 Ng5+ 31. Kg1
Qd1+ 32. Kg2 Qd5+ 33. Kg1 Qd1+ 34. Kg2 Qd5+ { Game drawn by repetition }
1/2-1/2

[Event "ICC tourney 2606 (40 5)"]
[Site "Internet Chess Club"]
[Date "2021.06.13"]
[Round "5"]
[White "CHEN, BENJAMINLJ:K12-14811886"]
[Black "LADAN, NICHOLAS:K12-15092641"]
[Result "0-1"]
[ICCResult "White resigns"]
[WhiteElo "2192"]
[BlackElo "2095"]
[Opening "QGD Slav: Breyer variation"]
[ECO "D11"]
[NIC "SL.01"]
[Time "14:00:06"]
[PlyCount "46"]
[TimeControl "2400+5"]

1. d4 d5 2. c4 c6 3. Nf3 Nf6 4. Nbd2 Bf5 5. Nh4 Be6 6. e3 g5 7. Nhf3 g4 8.
Ne5 h5 9. b3 Nbd7 10. Nxd7 Qxd7 11. Bd3 h4 12. Qc2 Bh6 13. Bb2 g3 14. hxg3
hxg3 15. f3 O-O-O 16. Nf1 Bxe3 17. Nxg3 Rxh1+ 18. Nxh1 dxc4 19. bxc4 Bxd4
20. O-O-O Bxb2+ 21. Kxb2 Qd4+ 22. Kb3 Nd5 23. cxd5 Rxd5 { White resigns }
0-1

[Event "ICC tourney 2606 (40 5)"]
[Site "Internet Chess Club"]
[Date "2021.06.13"]
[Round "5"]
[White "HUNG, DANIEL:K12-14504425"]
[Black "LIU, LEONARDO:K12-14879663"]
[Result "1-0"]
[ICCResult "Black resigns"]
[WhiteElo "2185"]
[BlackElo "2042"]
[Opening "Sicilian: closed, 2...Nc6"]
[ECO "B23"]
[NIC "SI.44"]
[Time "14:00:09"]
[PlyCount "75"]
[TimeControl "2400+5"]

1. e4 c5 2. Nc3 Nc6 3. Bb5 Nd4 4. Nf3 Nxb5 5. Nxb5 d6 6. d4 cxd4 7. Qxd4 e5
8. Qc3 Rb8 9. Nc7+ Ke7 10. Nd5+ Ke8 11. Be3 b6 12. O-O-O f6 13. Nc7+ Kd7
14. Nb5 a6 15. Na3 b5 16. Qb3 Ke7 17. Nh4 Be6 18. Nf5+ Kf7 19. Qd3 g6 20.
Ng3 Ne7 21. f4 Nc6 22. f5 Bd7 23. Qd5+ Kg7 24. fxg6 hxg6 25. h4 Qe8 26. h5
Be6 27. Qd2 b4 28. Nb1 g5 29. Nf5+ Bxf5 30. exf5 Rxh5 31. g4 Rxh1 32. Rxh1
Be7 33. Rh5 Qg8 34. Qh2 d5 35. Rh6 Qh8 36. Rxh8 Rxh8 37. Qg2 d4 38. Bf2 {
Black resigns } 1-0

[Event "ICC tourney 2606 (40 5)"]
[Site "Internet Chess Club"]
[Date "2021.06.13"]
[Round "5"]
[White "JONES, JACOB BENJAMIN:K12-16585267"]
[Black "PULLABHOTLA, VENKATA:K12-15472194"]
[Result "0-1"]
[ICCResult "White resigns"]
[WhiteElo "1891"]
[BlackElo "2094"]
[Opening "Sicilian"]
[ECO "B50"]
[NIC "SI.01"]
[Time "14:00:06"]
[PlyCount "100"]
[TimeControl "2400+5"]

1. e4 c5 2. Nf3 d6 3. g3 Nf6 4. d3 Nc6 5. Bg2 g6 6. O-O Bg7 7. Re1 O-O 8.
c3 e5 9. a3 d5 10. exd5 Nxd5 11. Nbd2 Re8 12. a4 b6 13. Nc4 Bb7 14. Bg5 Qd7
15. Qd2 f6 16. Bh6 Rad8 17. Bxg7 Kxg7 18. h4 Nc7 19. Rad1 e4 20. dxe4 Qe6
21. Qe2 Ba6 22. Nfd2 Na5 23. Bf1 Rxd2 24. Qxd2 Bxc4 25. b4 Bxf1 26. Kxf1
Nb7 27. Qd7+ Re7 28. Qxe6 Nxe6 29. Rd5 Nc7 30. Rd2 a5 31. b5 Ne6 32. Red1
c4 33. Rd7 Kf7 34. f3 Nec5 35. R7d4 Nxa4 36. Rxc4 Nb2 37. Rcd4 Nxd1 38.
Rxd1 Rc7 39. Ke2 Ke7 40. Rc1 Nd6 41. Ke3 Nxb5 42. Rb1 Rxc3+ 43. Ke2 Rc5 44.
Ke3 a4 45. Kd2 a3 46. Ra1 Rc3 47. Rb1 a2 48. Ra1 Rxf3 49. Ke2 Nd4+ 50. Ke1
Nc2+ { White resigns } 0-1

[Event "ICC tourney 2606 (40 5)"]
[Site "Internet Chess Club"]
[Date "2021.06.13"]
[Round "5"]
[White "NATHAN,  KAPIL:K12-15120535"]
[Black "SU, KENNETH:K12-15191452"]
[Result "0-1"]
[ICCResult "White checkmated"]
[WhiteElo "1394"]
[BlackElo "2160"]
[Opening "Ruy Lopez: Marshall counter-attack, 11...c6"]
[ECO "C89"]
[NIC "RL.17"]
[Time "14:00:14"]
[PlyCount "76"]
[TimeControl "2400+5"]

1. e4 Nc6 2. Nf3 e5 3. Bb5 a6 4. Ba4 Nf6 5. O-O Be7 6. Re1 b5 7. Bb3 O-O 8.
c3 d5 9. exd5 Nxd5 10. Nxe5 Nxe5 11. Rxe5 c6 12. Qf3 Bd6 13. Re1 Re8 14.
Rxe8+ Qxe8 15. Qd1 Bg4 16. f3 Qe5 17. g3 Bh3 18. d4 Qf6 19. Nd2 Qg6 20. Ne4
Bc7 21. Bc2 Bf5 22. Qd3 Qe6 23. Bd2 Bg6 24. Re1 Kh8 25. c4 Nf6 26. cxb5
axb5 27. Bb3 Qf5 28. g4 Nxg4 29. fxg4 Qxg4+ 30. Kh1 Qh4 31. Re2 Re8 32. Ng3
Rxe2 33. Qxe2 f5 34. Qg2 Qxd4 35. Bc3 Qe3 36. Qxc6 Bb6 37. Qc8+ Be8 38. Be1
Qg1# { White checkmated } 0-1

[Event "ICC tourney 2606 (40 5)"]
[Site "Internet Chess Club"]
[Date "2021.06.13"]
[Round "5"]
[White "TSAY, VINCENT:K12-15297685"]
[Black "KOTHAPALLI, PRADHYUMNAKUMAR:K12-15273893"]
[Result "1-0"]
[ICCResult "Black checkmated"]
[WhiteElo "2392"]
[BlackElo "2140"]
[Opening "Queen's pawn game, Darooha variation "]
[ECO "D02"]
[NIC "QP.06"]
[Time "14:00:25"]
[PlyCount "119"]
[TimeControl "2400+5"]

1. d4 Nf6 2. Nf3 d5 3. c4 Bg4 4. Ne5 Bf5 5. cxd5 Bxb1 6. Rxb1 Qxd5 7. e3 e6
8. Bd2 Nbd7 9. Nxd7 Nxd7 10. Bc3 Nf6 11. f3 c6 12. e4 Nxe4 13. fxe4 Qxe4+
14. Kf2 Qf5+ 15. Kg1 Bd6 16. Bd3 Qg5 17. Qf3 O-O 18. h4 Qe7 19. g3 c5 20.
dxc5 Bxc5+ 21. Kg2 Rad8 22. Rbd1 f6 23. Rhe1 e5 24. Be4 b6 25. h5 Rxd1 26.
Rxd1 Rd8 27. Rxd8+ Qxd8 28. Qd3 Qxd3 29. Bxd3 a5 30. Kf3 Bg1 31. g4 h6 32.
Bd2 Bd4 33. b3 Kf7 34. Be3 Bc3 35. Bxb6 Bb4 36. Ke4 Ke6 37. Bc4+ Kd6 38.
Kf5 Ke7 39. Kg6 Kf8 40. Bd5 Bc3 41. Bc5+ Ke8 42. Kxg7 e4 43. Kxh6 Bd2+ 44.
Kg6 e3 45. Bc4 e2 46. Bxe2 Bg5 47. Bc4 Kd7 48. Bd5 Kc7 49. h6 Bxh6 50. Kxh6
Kd7 51. Kg6 a4 52. bxa4 Kc7 53. Kxf6 Kd7 54. g5 Kc7 55. g6 Kd7 56. g7 Kc7
57. g8=Q Kd7 58. Qe6+ Kc7 59. Qc6+ Kd8 60. Be7# { Black checkmated } 1-0

[Event "ICC tourney 2606 (40 5)"]
[Site "Internet Chess Club"]
[Date "2021.06.13"]
[Round "5"]
[White "KUNG, THOMAS:K12-14583075"]
[Black "ORUGANTI, SURAJ:K12-15521792"]
[Result "1-0"]
[ICCResult "Black forfeits on time"]
[WhiteElo "2286"]
[BlackElo "1771"]
[Opening "Four knights: Spanish, classical defense"]
[ECO "C48"]
[NIC "KP.03"]
[Time "14:00:17"]
[PlyCount "55"]
[TimeControl "2400+5"]

1. e4 e5 2. Nf3 Nc6 3. Nc3 Nf6 4. Bb5 Bc5 5. O-O d6 6. d4 exd4 7. Nxd4 Bd7
8. Nf5 O-O 9. Bg5 h6 10. Bh4 Be6 11. Bxc6 bxc6 12. Qf3 Bxf5 13. Qxf5 Bd4
14. Nd1 Rb8 15. Rb1 Rb5 16. Qf3 Re8 17. Qd3 Bb6 18. Nc3 Rh5 19. Bg3 Qd7 20.
Kh1 Qg4 21. Rbe1 Ba5 22. Kg1 Qg5 23. e5 dxe5 24. Qc4 Re6 25. Rd1 Bxc3 26.
Qxc3 Ne4 27. Qb3 Nxg3 28. fxg3 { Black forfeits on time } 1-0

[Event "ICC tourney 2606 (40 5)"]
[Site "Internet Chess Club"]
[Date "2021.06.13"]
[Round "5"]
[White "CHASIN, NICO WERNER:K12-14955471"]
[Black "OBEROI, SHELEV:K12-14961028"]
[Result "1-0"]
[ICCResult "Black forfeits on time"]
[WhiteElo "2389"]
[BlackElo "2285"]
[Opening "King's Indian: orthodox, Aronin-Taimanov, 9.Ne1"]
[ECO "E98"]
[NIC "KI.01"]
[Time "14:00:08"]
[PlyCount "77"]
[TimeControl "2400+5"]

1. d4 Nf6 2. c4 g6 3. Nc3 Bg7 4. e4 d6 5. Nf3 O-O 6. Be2 e5 7. O-O Nc6 8.
d5 Ne7 9. Ne1 Nd7 10. Nd3 f5 11. Bd2 Nf6 12. f3 f4 13. c5 g5 14. b4 Ng6 15.
a4 h5 16. Nf2 Qe8 17. a5 a6 18. cxd6 cxd6 19. Na4 Nh4 20. Nb6 Rb8 21. Rc1
Qg6 22. Rxc8 Rbxc8 23. Nxc8 Rxc8 24. g3 g4 25. fxg4 Nxg4 26. Nxg4 f3 27.
Nxe5 Bxe5 28. Bxf3 Rf8 29. Qe2 Kh7 30. Kh1 Nxf3 31. Rxf3 Qg4 32. Kg2 Kg6
33. h3 Qc8 34. Bf4 h4 35. Bxe5 Rxf3 36. Qxf3 Qc2+ 37. Kg1 dxe5 38. Qf5+ Kg7
39. Qxe5+ { Black forfeits on time } 1-0

[Event "ICC tourney 2606 (40 5)"]
[Site "Internet Chess Club"]
[Date "2021.06.13"]
[Round "5"]
[White "BONAM, SAIGAUTAM:K12-14765995"]
[Black "CLASBY, DEREK:K12-15194211"]
[Result "0-1"]
[ICCResult "White checkmated"]
[WhiteElo "2193"]
[BlackElo "2286"]
[Opening "Queen's pawn: London system"]
[ECO "A45"]
[NIC "QP.07"]
[Time "14:00:25"]
[PlyCount "124"]
[TimeControl "2400+5"]

1. d4 Nf6 2. Bf4 b6 3. Nf3 Bb7 4. e3 g6 5. Nbd2 Bg7 6. h3 d6 7. Bd3 Nbd7 8.
e4 Nh5 9. Be3 e5 10. c3 Qe7 11. Qc2 Nf4 12. Bxf4 exf4 13. O-O O-O 14. Rfe1
a6 15. a4 c5 16. Qb3 Rab8 17. Bc4 Bc8 18. e5 dxe5 19. dxe5 Bxe5 20. Bd5 Kg7
21. Bc6 f6 22. Bxd7 Bxd7 23. Nxe5 fxe5 24. Qd5 Rfe8 25. Nc4 Qe6 26. Rad1
Bxa4 27. Rxe5 Qxd5 28. Rdxd5 Rxe5 29. Nxe5 Re8 30. Nd3 Re2 31. b4 cxb4 32.
cxb4 Re4 33. Rd6 Bc2 34. f3 Rc4 35. Ne1 b5 36. Rxa6 Bf5 37. Kf2 Rxb4 38. g4
fxg3+ 39. Kxg3 Rb3 40. Rb6 Kh6 41. h4 b4 42. Kf4 Rb2 43. Rb7 Re2 44. Rxb4
Rxe1 45. Kg3 Re7 46. Rb5 Kg7 47. Ra5 Kf6 48. Ra6+ Re6 49. Ra7 Re7 50. Ra6+
Kg7 51. Ra5 Kh6 52. Rb5 Kh5 53. Rb4 Re1 54. Rd4 h6 55. Rf4 Rh1 56. Rg4 Rg1+
57. Kh3 Bxg4+ 58. fxg4+ Rxg4 59. Kh2 Kxh4 60. Kh1 Kg3 61. Kg1 Rf4 62. Kh1
Rf1# { White checkmated } 0-1

[Event "ICC tourney 2606 (40 5)"]
[Site "Internet Chess Club"]
[Date "2021.06.13"]
[Round "5"]
[White "KUMARAPPAN, GANESH:K12-14920281"]
[Black "MOOR, NATHANIEL PHILIP:K12-15012516"]
[Result "1-0"]
[ICCResult "Black resigns"]
[WhiteElo "2001"]
[BlackElo "2219"]
[Opening "Nimzovich-Larsen attack: modern variation"]
[ECO "A01"]
[NIC "VO.08"]
[Time "14:00:09"]
[PlyCount "135"]
[TimeControl "2400+5"]

1. b3 e5 2. Bb2 Nc6 3. Nf3 d6 4. d4 g6 5. e4 Bg7 6. Bb5 Ne7 7. d5 a6 8. Ba4
b5 9. Bxb5 axb5 10. dxc6 O-O 11. O-O Qe8 12. Qd3 Qxc6 13. Nfd2 Ba6 14. b4
f5 15. Rc1 Bb7 16. f3 Bh6 17. c4 fxe4 18. fxe4 bxc4 19. Qxc4+ Kg7 20. Qxc6
Be3+ 21. Kh1 Bxc6 22. Re1 Bxd2 23. Nxd2 Rf2 24. Bc3 Ra3 25. Kg1 Rf4 26. Re3
Kg8 27. Bxe5 Rxe3 28. Bxf4 Ra3 29. Kf2 Kf7 30. g3 Ke8 31. Bg5 Nc8 32. Bf6
Kd7 33. Bb2 Rd3 34. Ke2 Bb5 35. a4 Rb3+ 36. axb5 Rxb2 37. Rb1 Rxb1 38. Nxb1
Na7 39. Nc3 Ke6 40. Kd3 Ke5 41. h3 g5 42. Ke3 h5 43. Kd3 Ke6 44. Kd4 Kd7
45. Kc4 Nc8 46. Nd5 h4 47. g4 Ne7 48. Nxe7 Kxe7 49. Kd5 Kd7 50. e5 dxe5 51.
Kxe5 Kc8 52. Kf5 Kb7 53. Kxg5 Kb6 54. Kxh4 Kxb5 55. g5 Kxb4 56. g6 c5 57.
g7 c4 58. g8=Q Kc3 59. Qg2 Kb3 60. Qd2 c3 61. Qc1 Kc4 62. Kg4 Kb3 63. h4
Kc4 64. h5 Kb3 65. h6 Kc4 66. h7 Kb3 67. h8=Q Ka2 68. Qc2+ { Black resigns
} 1-0

[Event "ICC tourney 2606 (40 5)"]
[Site "Internet Chess Club"]
[Date "2021.06.13"]
[Round "5"]
[White "LANCMAN, KYLE B:K12-15146021"]
[Black "YOO, EUGENE CHOI:K12-14862820"]
[Result "0-1"]
[ICCResult "White resigns"]
[WhiteElo "1993"]
[BlackElo "2191"]
[Opening "Sicilian: Nimzovich-Rossolimo attack (with ...g6, without ...d6)"]
[ECO "B31"]
[NIC "SI.31"]
[Time "14:00:29"]
[PlyCount "134"]
[TimeControl "2400+5"]

1. e4 c5 2. Nf3 Nc6 3. Bb5 g6 4. O-O Bg7 5. Re1 e5 6. Bxc6 dxc6 7. d3 Qe7
8. a3 Nf6 9. b4 Nd7 10. bxc5 Nxc5 11. a4 Ne6 12. Ba3 c5 13. Nc3 O-O 14. Nd5
Qd6 15. c4 Bd7 16. a5 Bc6 17. Qc2 Rae8 18. Bb2 f5 19. Rad1 h6 20. exf5 Rxf5
21. Nh4 Rh5 22. Nf3 Rf8 23. Qe2 Bxd5 24. cxd5 Qxd5 25. Nxe5 Nf4 26. Qe4
Qxe4 27. Rxe4 Rhf5 28. f3 Nd5 29. Rd2 Bxe5 30. Bxe5 Rd8 31. Rb2 Nb4 32. d4
Rd7 33. h3 Nc6 34. f4 cxd4 35. Rd2 Nxe5 36. fxe5 Re7 37. Rdxd4 Rfxe5 38.
Rxe5 Rxe5 39. Rd7 Rb5 40. a6 bxa6 41. Rxa7 Rb6 42. Kh2 Kf8 43. g4 Ke8 44.
h4 Kd8 45. Rh7 g5 46. hxg5 hxg5 47. Kg3 Rb3+ 48. Kf2 Kc8 49. Ra7 Rb6 50.
Ke3 Kb8 51. Rd7 Rb7 52. Rd5 Rb5 53. Rd7 a5 54. Rf7 a4 55. Kd3 a3 56. Rf2
Rb2 57. Rxb2+ axb2 58. Kc2 Kc7 59. Kxb2 Kd6 60. Kc2 Ke5 61. Kd2 Kf4 62. Ke2
Kxg4 63. Kf1 Kh3 64. Kf2 g4 65. Kg1 Kg3 66. Kh1 Kf2 67. Kh2 g3+ { White
resigns } 0-1

[Event "ICC tourney 2606 (40 5)"]
[Site "Internet Chess Club"]
[Date "2021.06.13"]
[Round "5"]
[White "RAPARTHI, ANKIT:K12-14686010"]
[Black "LEVKOV, DANIEL:K12-14218690"]
[Result "0-1"]
[ICCResult "White forfeits on time"]
[WhiteElo "2033"]
[BlackElo "2159"]
[Opening "Réti: Lisitsin gambit deferred"]
[ECO "A04"]
[NIC "QP.11"]
[Time "14:00:16"]
[PlyCount "120"]
[TimeControl "2400+5"]

1. Nf3 f5 2. d3 Nf6 3. e4 d6 4. Nc3 g6 5. g3 Bg7 6. Bg2 O-O 7. O-O Nc6 8.
exf5 Bxf5 9. d4 Qd7 10. d5 Nb4 11. Nd4 Bh3 12. Ne6 Bxe6 13. dxe6 Qxe6 14.
a3 Nc6 15. Bg5 Qf5 16. Qd2 Ne5 17. Bxf6 Bxf6 18. f4 Nc6 19. Qd5+ e6 20.
Qxf5 gxf5 21. Rfe1 Rfe8 22. Rad1 Bxc3 23. bxc3 Kf7 24. Rb1 Rab8 25. h3 Na5
26. g4 c6 27. Bf3 fxg4 28. hxg4 Nc4 29. g5 Rg8 30. Re2 e5 31. Bh5+ Ke7 32.
Kf2 Rgf8 33. Kg3 Rxf4 34. Rb4 b5 35. a4 a6 36. axb5 axb5 37. Bf3 Rg8 38.
Bxc6 Rxg5+ 39. Kh3 Rf6 40. Re4 Nd2 41. Rh4 h5 42. Rxb5 Nf1 43. Rb7+ Kf8 44.
Ra4 Rg3+ 45. Kh4 Rf4+ 46. Rxf4+ exf4 47. Kxh5 Rxc3 48. Bg2 Ne3 49. Bf3 Nxc2
50. Be4 f3 51. Kg6 Ke8 52. Rf7 Nd4 53. Rf4 Re3 54. Bb7 Ke7 55. Rxd4 Ke6 56.
Rf4 d5 57. Kg5 Rb3 58. Bc8+ Ke5 59. Kg4 Rc3 60. Bf5 Rc4 { White forfeits on
time } 0-1

[Event "ICC tourney 2606 (40 5)"]
[Site "Internet Chess Club"]
[Date "2021.06.13"]
[Round "5"]
[White "ZHANG, ERIC M:K12-14668426"]
[Black "GUNDAM, ROHIT:K12-14908373"]
[Result "0-1"]
[ICCResult "White resigns"]
[WhiteElo "2204"]
[BlackElo "2190"]
[Opening "QGD: classical variation (5.Bf4)"]
[ECO "D37"]
[NIC "QI.01"]
[Time "14:00:10"]
[PlyCount "138"]
[TimeControl "2400+5"]

1. d4 Nf6 2. c4 e6 3. Nf3 d5 4. Nc3 Be7 5. Bf4 O-O 6. c5 Nh5 7. e3 b6 8. b4
a5 9. a3 axb4 10. axb4 Rxa1 11. Qxa1 Nc6 12. Qa4 Bd7 13. b5 Na5 14. c6 Be8
15. Bd3 Nxf4 16. exf4 Qd6 17. Ne2 Qb4+ 18. Qxb4 Bxb4+ 19. Kd1 Bd6 20. h4 f6
21. h5 Nc4 22. Kc2 Bf7 23. g4 Ra8 24. Bxc4 dxc4 25. Rb1 g6 26. Nd2 gxh5 27.
Nxc4 hxg4 28. Nxd6 cxd6 29. Rc1 Kf8 30. Kd2 Ke7 31. Nc3 Be8 32. Rc2 f5 33.
Ra2 Rxa2+ 34. Nxa2 h5 35. Ke2 h4 36. Nc3 Kd8 37. Kf1 Kc7 38. Kg2 Bxc6+ 39.
bxc6 Kxc6 40. f3 g3 41. Kh3 b5 42. Kxh4 g2 43. Ne2 b4 44. Kg3 Kd5 45. Kxg2
b3 46. Nc3+ Kxd4 47. Nd1 Kd3 48. Kf2 Kc2 49. Ke2 b2 50. Nxb2 Kxb2 51. Kd2
Kb3 52. Kd3 d5 53. Kd4 Kc2 54. Ke5 Kc3 55. Kxe6 d4 56. Kxf5 d3 57. Kg6 d2
58. f5 d1=Q 59. f6 Qg1+ 60. Kh7 Qh2+ 61. Kg8 Qg3+ 62. Kf8 Kd4 63. f7 Ke5
64. Ke7 Qg5+ 65. Kd7 Qg7 66. Ke7 Qf6+ 67. Ke8 Qe6+ 68. Kf8 Kf6 69. Kg8
Qxf7+ { White resigns } 0-1

[Event "ICC tourney 2606 (40 5)"]
[Site "Internet Chess Club"]
[Date "2021.06.13"]
[Round "5"]
[White "MCCOY, OWEN:K12-14447115"]
[Black "LU, MAXIMILLIAN:K12-14732597"]
[Result "1-0"]
[ICCResult "Black checkmated"]
[WhiteElo "2251"]
[BlackElo "2430"]
[Opening "Réti: King's Indian attack"]
[ECO "A05"]
[NIC "QP.11"]
[Time "14:00:10"]
[PlyCount "217"]
[TimeControl "2400+5"]

1. Nf3 Nf6 2. g3 g6 3. Bg2 Bg7 4. O-O O-O 5. d3 d5 6. Nbd2 c5 7. e4 Nc6 8.
Re1 b6 9. c3 Bb7 10. e5 Ne8 11. Nf1 Rc8 12. h4 h6 13. N1h2 d4 14. c4 Nc7
15. Bd2 Ne6 16. a3 Qc7 17. Qe2 Rce8 18. Bh3 Bc8 19. Qf1 Kh7 20. h5 Ned8 21.
Bxc8 Qxc8 22. Re4 g5 23. Rae1 Ne6 24. Qh3 Nc7 25. Qxc8 Rxc8 26. Nf1 Rce8
27. g4 f5 28. exf6 Rxf6 29. N3h2 Ref8 30. R4e2 e6 31. Ng3 Nd8 32. Ra1 Nb7
33. b4 b5 34. cxb5 c4 35. Ne4 R6f7 36. dxc4 d3 37. Ree1 Bxa1 38. Rxa1 Rd7
39. Be3 Ne8 40. c5 Rd5 41. Nc3 Rd8 42. c6 Nbd6 43. Bxa7 Rc8 44. Bc5 Rf4 45.
Rd1 Nf7 46. Rxd3 Ne5 47. Rd4 Nf6 48. Rxf4 gxf4 49. f3 Nd5 50. Ne4 Nc4 51.
a4 Rb8 52. Nf1 Nb2 53. a5 Rxb5 54. a6 Rb8 55. Nd6 Na4 56. Nd2 Nxc5 57. bxc5
Nc7 58. N2e4 Nxa6 59. Kf2 Rb2+ 60. Ke1 Rc2 61. Nb7 Rb2 62. Kd1 Nc7 63. Nbd6
Ra2 64. Nc4 Ra4 65. Ne5 Kg7 66. Ke2 Rd4 67. Nd3 Nd5 68. Ne5 Ra4 69. Kd2
Rd4+ 70. Ke2 Nc7 71. Ng6 Ra4 72. Nxf4 Ra6 73. Nd3 Ra3 74. Ne5 Ra4 75. Kd3
Ra3+ 76. Kc4 Ra4+ 77. Kb3 Rd4 78. Kc3 Rd5 79. Nd3 Rd8 80. Nd6 Ra8 81. Kd2
Ra6 82. Ne5 Kf6 83. Nd7+ Ke7 84. Nb6 Ra5 85. Ne4 Na6 86. Ke2 Kd8 87. Nc4
Ra4 88. Ne5 Kc7 89. Nf7 Kxc6 90. Nxh6 Kd7 91. Nf7 Ke7 92. Ne5 Nc7 93. Kf2
Kf8 94. Kg3 Kg7 95. g5 Nd5 96. c6 Kh7 97. Nc5 Ra5 98. Nxe6 Ne7 99. f4 Ra1
100. c7 Ra6 101. Nd8 Ra7 102. Ne6 Ra6 103. Nf8+ Kg7 104. Nfd7 Ra7 105. h6+
Kh8 106. Nf6 Nf5+ 107. Kg4 Nxh6+ 108. gxh6 Rxc7 109. Ng6# { Black
checkmated } 1-0

[Event "ICC tourney 2606 (40 5)"]
[Site "Internet Chess Club"]
[Date "2021.06.13"]
[Round "6"]
[White "SU, KENNETH:K12-15191452"]
[Black "CHEN, BENJAMINLJ:K12-14811886"]
[Result "1/2-1/2"]
[ICCResult "Game drawn by mutual agreement"]
[WhiteElo "2160"]
[BlackElo "2192"]
[Opening "Sicilian"]
[ECO "B50"]
[NIC "SI.01"]
[Time "17:00:06"]
[PlyCount "27"]
[TimeControl "2400+5"]

1. e4 c5 2. Nf3 d6 3. c3 Nf6 4. Be2 e6 5. O-O Nc6 6. d3 Be7 7. h3 O-O 8.
Nh2 d5 9. Qc2 Qc7 10. f4 dxe4 11. dxe4 b6 12. Be3 Bb7 13. Nd2 Rad8 14. g4 {
Game drawn by mutual agreement } 1/2-1/2

[Event "ICC tourney 2606 (40 5)"]
[Site "Internet Chess Club"]
[Date "2021.06.13"]
[Round "6"]
[White "DHAR, SUMIT:K12-15188271"]
[Black "KOTHAPALLI, PRADHYUMNAKUMAR:K12-15273893"]
[Result "1/2-1/2"]
[ICCResult "Game drawn by mutual agreement"]
[WhiteElo "2181"]
[BlackElo "2140"]
[Opening "Neo-Grünfeld defense"]
[ECO "D70"]
[NIC "KI.80"]
[Time "17:00:11"]
[PlyCount "40"]
[TimeControl "2400+5"]

1. d4 Nf6 2. c4 g6 3. f3 d5 4. cxd5 Nxd5 5. e4 Nb6 6. Nc3 Bg7 7. Be3 O-O 8.
Qd2 c6 9. O-O-O Be6 10. h4 Bc4 11. Nge2 Na6 12. b3 Bb5 13. h5 Rc8 14. Kb1
Bxe2 15. Nxe2 c5 16. Bh6 Bxh6 17. Qxh6 g5 18. Qxg5+ Kh8 19. Nc1 f6 20. Qd2
cxd4 { Game drawn by mutual agreement } 1/2-1/2

[Event "ICC tourney 2606 (40 5)"]
[Site "Internet Chess Club"]
[Date "2021.06.13"]
[Round "6"]
[White "NATHAN,  KAPIL:K12-15120535"]
[Black "ZHANG, ERIC M:K12-14668426"]
[Result "0-1"]
[ICCResult "White resigns"]
[WhiteElo "1394"]
[BlackElo "2204"]
[Opening "Sicilian: Najdorf"]
[ECO "B90"]
[NIC "SI.14"]
[Time "17:00:11"]
[PlyCount "124"]
[TimeControl "2400+5"]

1. e4 c5 2. Nf3 d6 3. d4 cxd4 4. Nxd4 Nf6 5. Nc3 a6 6. Nb3 e6 7. g4 h6 8.
h4 b5 9. Bg2 Bb7 10. f3 Nc6 11. Be3 Rc8 12. a3 Ne5 13. g5 hxg5 14. hxg5
Rxh1+ 15. Bxh1 Nfd7 16. f4 Nc4 17. Bc1 Qb6 18. Qd4 Be7 19. Qxb6 Ndxb6 20.
Bf3 Nxa3 21. Rxa3 b4 22. Ra1 bxc3 23. bxc3 Rxc3 24. Bd1 Rh3 25. Nd2 Rh1+
26. Ke2 d5 27. e5 Bc6 28. c4 Nxc4 29. Nxc4 Bb5 30. Ba4 dxc4 31. Bxb5+ axb5
32. Ra8+ Bd8 33. Be3 Rh2+ 34. Kd1 Rh3 35. Bb6 Rd3+ 36. Kc2 Ke7 37. Ra7+ Rd7
38. Bxd8+ Kxd8 39. Ra8+ Ke7 40. Rg8 g6 41. Rb8 Rd5 42. Rb7+ Kf8 43. Kc3
Rd3+ 44. Kb4 Rb3+ 45. Kc5 c3 46. Kd4 b4 47. Kd3 Rb2 48. Rc7 Kg7 49. Rc4
Rd2+ 50. Ke3 Rd1 51. Rxb4 c2 52. Rc4 c1=Q+ 53. Rxc1 Rxc1 54. Kd2 Ra1 55.
Ke3 Kf8 56. Kd4 Ke7 57. Ke3 Kd7 58. Kd4 Kc6 59. Ke3 Kd5 60. Kd3 Ra3+ 61.
Ke2 Ke4 62. Kf2 Kxf4 { White resigns } 0-1